[Event "Early-Titled-Tuesday-Blitz-April-02-2024"]
[Site "Chess.com"]
[Date "2024.04.02"]
[Round "10"]
[White "Let_it_be_1"]
[Black "Speed-O-Sonic"]
[Result "1-0"]
[WhiteElo "2562"]
[BlackElo "2445"]
[TimeControl "180+1"]
[EndTime "9:54:36 PDT"]
[Termination "Let_it_be_1 won by resignation"]

1. e4 c6 2. d4 d5 3. Nd2 dxe4 4. Nxe4 Nf6 5. Nxf6+ exf6 6. c3 Bd6 7. Bd3 O-O 8. Ne2 Re8 9. Qc2 h5 10. Be3 Nd7 11.
O-O-O Nf8 12. c4 Be6 13. Nc3 a6 14. c5 Bc7 15. Be4 Qe7 16. d5 cxd5 17. Nxd5 Bxd5 18. Bxd5 Rab8 19. h3 Ne6 20. g4 Bf4 21. Rhe1 Bxe3+ 22. Rxe3 Qxc5 23. Rc3 Qb4 24. gxh5 b5 25. h6 Qf4+ 26.
Qd2 Qxd2+ 27. Rxd2 g6 28. Rc6 Rbc8 29. Rdc2 Rxc6 30.
Rxc6 Nf4 31. Bf3 a5 32. Rxf6 Nxh3 33. Bd5 Re7 34. Rxg6+ Kh7 35. Rf6 Re1+ 36. Kd2 Re2+ 1-0

[Event "Early-Titled-Tuesday-Blitz-April-02-2024"]
[Site "Chess.com"]
[Date "2024.04.02"]
[Round "10"]
[White "gorgeous1083"]
[Black "GlavkonVVS"]
[Result "1-0"]
[WhiteElo "2247"]
[BlackElo "2613"]
[TimeControl "180+1"]
[EndTime "9:54:36 PDT"]
[Termination "gorgeous1083 won by checkmate"]

1. d4 Nf6 2. c4 c5 3. d5 e6 4. Nc3 exd5 5. cxd5 d6 6. Bf4 g6 7. Qa4+ Bd7 8. Qb3 b5 9. Nxb5 Bxb5 10. Qxb5+ Nbd7 11. Qd3 Be7 12. Nf3 c4 13. Qd4 Qa5+ 14.
Bd2 Qxd5 15. e3 Rc8 16. Qxa7 O-O 17. Bc3 Qc6 18. Qd4 d5 19. Be2 Bc5 20. Qd1 Ne4 21.
Bd4 Bb4+ 22. Kf1 Rfd8 23. a3 Bc5 24. Rc1 Qb6 25. h4 Bxd4 26. Qxd4 Ndc5 27. h5 g5 28. h6 Qe6 29. Qg7# 1-0

[Event "Early-Titled-Tuesday-Blitz-April-02-2024"]
[Site "Chess.com"]
[Date "2024.04.02"]
[Round "10"]
[White "Oleksandr_Bortnyk"]
[Black "GoltsevDmitry2000"]
[Result "1-0"]
[WhiteElo "3034"]
[BlackElo "2828"]
[TimeControl "180+1"]
[EndTime "9:54:39 PDT"]
[Termination "Oleksandr_Bortnyk won by resignation"]

1. e4 e6 2. Nf3 d5 3. e5 d4 4. Bd3 c5 5. O-O Nc6 6. Be4 Nge7 7. c3 Ng6 8. Bxc6+ bxc6 9. Qa4 Bd7 10. Na3 Qb6 11.
Re1 Be7 12. d3 O-O 13. Nc4 Qb5 14.
Qc2 Rab8 15. Bg5 Bxg5 16. Nxg5 h6 17. Ne4 Rfd8 18. a4 Qb7 19. Nxc5 Qc8 20. cxd4 Be8 21.
Nd6 Qc7 22. Na6 Qb6 23. Nxb8 Qxb8 24. g3 Ne7 25. Qc5 Nd5 26. b4 Qxb4 27. Qxa7 Qd2 28. a5 Qxd3 29. a6 Qf3 30. Qc5 Rb8 31. Ra3 Qg4 32. a7 Ra8 33. Nxe8 Nf4 34. Qxc6 Nh3+ 35. Kg2 Nf4+ 36. Kh1 Rc8 37. Qxc8 1-0

[Event "Early-Titled-Tuesday-Blitz-April-02-2024"]
[Site "Chess.com"]
[Date "2024.04.02"]
[Round "10"]
[White "MusicCityMaster"]
[Black "chess123456s"]
[Result "0-1"]
[WhiteElo "2426"]
[BlackElo "2583"]
[TimeControl "180+1"]
[EndTime "9:54:39 PDT"]
[Termination "chess123456s won by resignation"]

1. e4 e5 2. Nf3 Nc6 3. Bb5 a6 4. Ba4 Bc5 5. O-O Nge7 6. c3 Ng6 7. d4 Ba7 8. dxe5 Ncxe5 9. Nxe5 Nxe5 10. Kh1 O-O 11.
f4 Nc4 12. Qd3 b5 13. Bc2 Bb7 14. b3 Nd6 15. Nd2 g6 16. Qh3 f5 17. e5 Nf7 18.
Bb2 Re8 19. Rae1 d5 20. exd6 Qxd6 21. Nf3 Qxf4 22. Ne5 Rxe5 23. c4 Rxe1 24. Rxe1 Qd2 25. Rc1 Re8 26. Qg3 Re1+ 27. Rxe1 Bxg2+ 0-1

[Event "Early-Titled-Tuesday-Blitz-April-02-2024"]
[Site "Chess.com"]
[Date "2024.04.02"]
[Round "10"]
[White "teresin05"]
[Black "Predo63"]
[Result "0-1"]
[WhiteElo "2276"]
[BlackElo "2532"]
[TimeControl "180+1"]
[EndTime "9:54:41 PDT"]
[Termination "Predo63 won by resignation"]

1. e4 c6 2. d4 d5 3. Nc3 dxe4 4. Nxe4 Bf5 5. Ng3 Bg6 6. h4 h6 7. Nf3 Nd7 8. Bd3 Bxd3 9. Qxd3 Ngf6 10. Bd2 e6 11. O-O-O Bd6 12. Ne4 Nxe4 13. Qxe4 Qe7 14. Kb1 O-O-O 15. c4 Rhe8 16. Bc3 Bb4 17. Bxb4 Qxb4 18.
b3 a5 19. Rhe1 a4 20. Kb2 axb3 21. axb3 Nb6 22. Qd3 c5 23. Kc2 cxd4 24. Nxd4 e5 25. Qf5+ Kb8 26. Rxe5 Nxc4 27. Rxe8 Rxe8 28. bxc4 Qxc4+ 29. Kb2 Qb4+ 30. Kc2 Qc4+ 31. Kb2 Qb4+ 32. Kc1 Rc8+ 33.
Nc2 Qa3+ 34. Kd2 Qc3+ 35. Kc1 Qa1+ 36. Kd2 Rd8+ 37. Ke3 Qxd1 38. Qe5+ Qd6 39. Qxg7 Qd3+ 40. Kf4 Qxc2 41. Qe5+ Qc7 0-1

[Event "Early-Titled-Tuesday-Blitz-April-02-2024"]
[Site "Chess.com"]
[Date "2024.04.02"]
[Round "10"]
[White "GoValya"]
[Black "diamonds13"]
[Result "1/2-1/2"]
[WhiteElo "2233"]
[BlackElo "2340"]
[TimeControl "180+1"]
[EndTime "9:54:41 PDT"]
[Termination "Game drawn by repetition"]

1. d4 Nf6 2. c4 e6 3. Nf3 b6 4. a3 Bb7 5. Nc3 d5 6. Qc2 dxc4 7. e3 Nbd7 8. Bxc4 a6 9. Be2 c5 10. O-O Be7 11. Rd1 Qc7 12. b3 cxd4 13. exd4 Rc8 14.
Bb2 Be4 15. Qd2 O-O 16. Rac1 Qb7 17. Nxe4 Nxe4 18. Qd3 Ndf6 19. Qxa6 Qxa6 20. Bxa6 Ra8 21. Bb7 Ra7 22. Bxe4 Nxe4 23. a4 Bf6 24. Ne5 Bxe5 25. dxe5 Nc5 26. Ba3 Nxb3 27. Bxf8 Nxc1 28. Rd8 f6 29. exf6 gxf6 30. Ba3+ Kf7 31. Bxc1 Rxa4 32. g3 Ra1 33. Rc8 b5 34. Kg2 e5 35. Be3 Rb1 36. Rb8 Ke6 37. Rb6+ Kd5 38. Rxf6 b4 39. Rb6 b3 40. h4 Ke4 41. Bd2 Kd3 42. Be3 b2 43. Rb7 Kc3 44. Rc7+ Kb3 45. Rb7+ Kc2 46. Rc7+ Kd3 47. Rb7 Kc2 48. Rc7+ Kd3 49. Rb7 1/2-1/2

[Event "Early-Titled-Tuesday-Blitz-April-02-2024"]
[Site "Chess.com"]
[Date "2024.04.02"]
[Round "10"]
[White "PapaieDudu"]
[Black "DanylaBagrov"]
[Result "1-0"]
[WhiteElo "2394"]
[BlackElo "2486"]
[TimeControl "180+1"]
[EndTime "9:54:47 PDT"]
[Termination "PapaieDudu won by resignation"]

1. Nf3 d6 2. d4 c6 3. c4 Bg4 4. e4 Nf6 5. Bd3 e5 6. Be3 Nbd7 7. Nbd2 Be7 8. d5 O-O 9. O-O Rc8 10. h3 Bh5 11. b4 cxd5 12. exd5 b5 13. Bxa7 bxc4 14. Bxc4 e4 15. g4 Nxg4 16. hxg4 Bxg4 17. Be2 exf3 18. Nxf3 Bf6 19. Bd4 Re8 20. Re1 Bxf3 21. Bxf6 Bxe2 22.
Bxd8 Bxd1 23. Rxe8+ Nf8 24. Rxd1 f6 25. Rde1 Rc4 26.
Be7 Kf7 27. Rxf8+ Kg6 28. Bxd6 Kf5 29. Bg3 g5 30. d6 Rd4 31. Rfe8 h5 32. Rc8 h4 33. Rc5+ Kg4 34. Bh2 Kh3 35. Re3+ Kg4 36. Kg2 f5 37. f3+ Kh5 38. Rxf5 Rd2+ 39. Kh3 Kg6 40.
Ree5 Rxd6 41. Rxg5+ Kh6 42. Rh5+ Kg6 43. Reg5+ Kf6 44.
Bxd6 1-0

[Event "Early-Titled-Tuesday-Blitz-April-02-2024"]
[Site "Chess.com"]
[Date "2024.04.02"]
[Round "10"]
[White "Kushch_Nikolai"]
[Black "joselito22"]
[Result "0-1"]
[WhiteElo "2409"]
[BlackElo "2326"]
[TimeControl "180+1"]
[EndTime "9:54:48 PDT"]
[Termination "joselito22 won by resignation"]

1. Nf3 Nf6 2. c4 g6 3. b4 Bg7 4. Bb2 d6 5. d4 O-O 6. e3 Nbd7 7.
Be2 e5 8. Nc3 exd4 9. exd4 Re8 10.
O-O Ne4 11. Nxe4 Rxe4 12. Bd3 Re8 13. Qd2 Nf6 14. h3 Bd7 15. d5 Ne4 16. Qc2 Bxb2 17.
Qxb2 Qf6 18. Qc2 Ng5 19. Nh2 Nxh3+ 20. gxh3 Bxh3 21. Kh1 Bxf1 22. Rxf1 Qf4 23. Qc1 Qh4 24. Kg2 Re5 25. f4 Rh5 26. Rh1 Qh3+ 27. Kf2 Qxd3 28.
Nf3 Rxh1 29. Qxh1 Re8 30. Qc1 Re2+ 31. Kg3 Re3 0-1

[Event "Early-Titled-Tuesday-Blitz-April-02-2024"]
[Site "Chess.com"]
[Date "2024.04.02"]
[Round "10"]
[White "Ordekalog"]
[Black "DvaHrasta"]
[Result "1-0"]
[WhiteElo "2622"]
[BlackElo "2533"]
[TimeControl "180+1"]
[EndTime "9:54:54 PDT"]
[Termination "Ordekalog won on time"]

1. e4 c6 2. d4 d5 3. Nd2 dxe4 4. Nxe4 Nf6 5. Qd3 Nxe4 6. Qxe4 Nd7 7. Nf3 Nf6 8. Qd3 Qa5+ 9. Bd2 Qf5 10. Qb3 Qd5 11. Bc4 Qe4+ 12. Kf1 e6 13. Re1 Qg6 14. Ne5 Qh5 15. h4 Nd7 16. g4 Nxe5 17. gxh5 Nxc4 18.
Qxc4 h6 19. Bb4 Bd7 20. Bxf8 Rxf8 21. Rg1 Rg8 22. Qa4 a6 23. Qa5 Rc8 24. b4 Ke7 25. Qc5+ Ke8 26. f4 1-0

[Event "Early-Titled-Tuesday-Blitz-April-02-2024"]
[Site "Chess.com"]
[Date "2024.04.02"]
[Round "10"]
[White "KorolDimitriy75"]
[Black "enriquebutti"]
[Result "1-0"]
[WhiteElo "2364"]
[BlackElo "2187"]
[TimeControl "180+1"]
[EndTime "9:54:56 PDT"]
[Termination "KorolDimitriy75 won by resignation"]

1. d4 Nf6 2. c4 e6 3. Nc3 d5 4.
cxd5 exd5 5. Bg5 c6 6. e3 Be6 7. Bd3 Nbd7 8. Qc2 Bd6 9. Nge2 Qc7 10. h3 h6 11. Bh4 O-O 12. f3 a6 13. O-O Rac8 14. Rad1 c5 15. Bf2 c4 16. Bf5 b5 17. a3 Qb8 18. Bxe6 fxe6 19. e4 Be7 20. e5 Ne8 21. Qg6 Nc7 22. Be3 Kh8 23. f4 Rf5 24. Ng3 Nf8 25. Qg4 g6 26. Nxf5 exf5 27. Qf3 Qb7 28.
g4 Qc6 29. Kh2 Qe6 30. gxf5 gxf5 31. Rg1 Nh7 32. Qh5 1-0

[Event "Early-Titled-Tuesday-Blitz-April-02-2024"]
[Site "Chess.com"]
[Date "2024.04.02"]
[Round "10"]
[White "MikeWizard"]
[Black "JJDAREK"]
[Result "0-1"]
[WhiteElo "2185"]
[BlackElo "2339"]
[TimeControl "180+1"]
[EndTime "9:54:58 PDT"]
[Termination "JJDAREK won by resignation"]

1. d4 d6 2. Nf3 g6 3. g3 Bg7 4. Bg2 Nf6 5. O-O O-O 6. c4 c6 7. Nc3 a6 8. a4 a5 9. e4 Na6 10. Bf4 Bg4 11. h3 Bxf3 12. Bxf3 Nd7 13. Qd2 e5 14.
dxe5 dxe5 15. Bg5 Bf6 16. Bxf6 Nxf6 17. Rfd1 Qxd2 18. Rxd2 Nc5 19. Rd6 Kg7 20. Rad1 Rfe8 21. Kg2 Re6 22. Rd8 Re8 23. Rxa8 Rxa8 24. g4 Kf8 25. g5 Nfd7 26. Bg4 Nb6 27. Be2 Ke7 28. Ra1 Rd8 29. Rd1 Ncxa4 30. Rxd8 Kxd8 31. Nd1 Nc5 32. f3 Ne6 33. Kf2 Nxg5 34. h4 Ne6 35. Ke3 Nd4 36. f4 Nxe2 37. Kxe2 exf4 38. Kf3 Nxc4 39. Kxf4 Ke7 40.
Kg5 h5 41. Kf4 b5 42. b3 Nd2 0-1

[Event "Early-Titled-Tuesday-Blitz-April-02-2024"]
[Site "Chess.com"]
[Date "2024.04.02"]
[Round "10"]
[White "scarabee43"]
[Black "GOGIEFF"]
[Result "1-0"]
[WhiteElo "2832"]
[BlackElo "2993"]
[TimeControl "180+1"]
[EndTime "9:54:59 PDT"]
[Termination "scarabee43 won by resignation"]

1. d4 Nf6 2. c4 e6 3. Nf3 b6 4.
g3 Bb7 5. Bg2 Be7 6. O-O O-O 7.
Nc3 Ne4 8. Qc2 Nxc3 9. bxc3 d6 10. e4 Nd7 11. Rb1 Ba6 12. Qa4 Qc8 13. Re1 c6 14. Bf4 Re8 15. h4 b5 16. cxb5 cxb5 17.
Qc2 Qc7 18. e5 d5 19. Bf1 Rab8 20. Ng5 Bxg5 21. hxg5 Rec8 22. a4 Qa5 23. Qe2 Rb6 24. axb5 Bb7 25. Bd2 Qa2 26. Ra1 Qc2 27. Rxa7 Nf8 28.
Qd3 Qxd3 29. Bxd3 Rb8 30. Bc1 Bc8 31. Ba3 Bd7 32. Bc5 Bxb5 33. Rb1 Bxd3 34. Rxb6 Rxb6 35. Bxb6 h5 36. Ra8 1-0

[Event "Early-Titled-Tuesday-Blitz-April-02-2024"]
[Site "Chess.com"]
[Date "2024.04.02"]
[Round "10"]
[White "Kazmin_Semyon"]
[Black "flawian2008"]
[Result "0-1"]
[WhiteElo "2595"]
[BlackElo "2513"]
[TimeControl "180+1"]
[EndTime "9:55:00 PDT"]
[Termination "flawian2008 won by checkmate"]

1. e4 c5 2. Nf3 Nc6 3. d4 cxd4 4. Nxd4 g6 5. Nc3 Bg7 6. Be3 Nf6 7. Bc4 O-O 8. Bb3 d6 9. f3 Bd7 10. Qd2 Rc8 11.
O-O-O Nxd4 12. Bxd4 b5 13. Nd5 Nxd5 14. Bxg7 Kxg7 15.
exd5 a5 16. a3 b4 17. axb4 axb4 18. Qxb4 Kg8 19. g4 Rb8 20. Qc3 Qb6 21. Qd4 Qa5 22.
Bc4 Rfc8 23. b3 Bb5 24. Bxb5 Rxb5 25. Rd3 Rbc5 26. Rd2 Rxd5 27. b4 Qa3+ 28. Qb2 Qxb2+ 29. Kxb2 Rxd2 30. Rc1 Rxh2 31. Kb3 Rf2 32. b5 Rxf3+ 33. Kb4 Rf4+ 34. Ka5 Rxg4 35. b6 Rc5+ 36. Ka6 Ra4+ 37. Kb7 Rb4 38. Ka6 Rcb5 39. c4 Rxb6+ 40. Ka5 Rb2 41.
c5 Rb8 42. Ra1 Ra8# 0-1

[Event "Early-Titled-Tuesday-Blitz-April-02-2024"]
[Site "Chess.com"]
[Date "2024.04.02"]
[Round "10"]
[White "smotherhubbard"]
[Black "TitanChess666"]
[Result "0-1"]
[WhiteElo "2357"]
[BlackElo "2511"]
[TimeControl "180+1"]
[EndTime "9:55:00 PDT"]
[Termination "TitanChess666 won on time"]

1. d4 f5 2. g3 Nf6 3. Bg2 e6 4. Nf3 Be7 5. O-O O-O 6. c4 d6 7. b4 a5 8. b5 Qe8 9. a4 Ne4 10. Qb3 Bf6 11. e3 Nd7 12. Nfd2 Ng5 13. Nc3 e5 14.
dxe5 dxe5 15. Ba3 Be7 16. c5+ Kh8 17. c6 bxc6 18. Bxc6 Rb8 19. Nd5 Bxa3 20. Qxa3 Qh5 21. f4 exf4 22. exf4 Ne6 23. Ne7 Nf6 24. Bf3 Ng4 25.
Rf2 Bb7 26. Re2 Nd4 27. Bxb7 Nxe2+ 28. Kf1 Qxh2 29. Bg2 Nxg3+ 30. Ke1 Qxg2 31. Kd1 Rbd8 32. Ra2 Qe2+ 33. Kc1 Qe1+ 0-1

[Event "Early-Titled-Tuesday-Blitz-April-02-2024"]
[Site "Chess.com"]
[Date "2024.04.02"]
[Round "10"]
[White "Kunalm64"]
[Black "sorch29"]
[Result "1-0"]
[WhiteElo "2616"]
[BlackElo "2431"]
[TimeControl "180+1"]
[EndTime "9:55:01 PDT"]
[Termination "Kunalm64 won by resignation"]

1. e4 c5 2. Nf3 Nc6 3. Bb5 g6 4. O-O Bg7 5. Bxc6 bxc6 6. Re1 Nh6 7. c3 O-O 8. d4 cxd4 9. cxd4 d5 10. e5 f6 11. e6 Nf5 12. Nc3 Nd6 13. Bf4 g5 14. Bxd6 Qxd6 15. Qe2 g4 16. Nd2 f5 17. Nb3 Rf6 18. Nc5 Rh6 19. g3 Bxd4 20. Qd2 Bg7 21. Nd7 Rxe6 22. Rxe6 Qxe6 23. Nc5 Qd6 24. Nb3 e5 25. Rc1 d4 26. Na4 Be6 27. Nac5 Bf7 28. Qg5 Qg6 29. Qe7 Re8 30. Qd7 f4 31. Nb7 f3 32. Nd6 Qh5 33. h4 Rf8 34. Rxc6 Bxb3 35. axb3 Qg6 36. Kh2 Qb1 37. Rc7 Qg6 38. Nc8 h5 39.
Ne7+ Kh7 40. Nxg6 Kxg6 41. Qxg7+ 1-0

[Event "Early-Titled-Tuesday-Blitz-April-02-2024"]
[Site "Chess.com"]
[Date "2024.04.02"]
[Round "10"]
[White "wild3000"]
[Black "Navyblue1"]
[Result "1-0"]
[WhiteElo "2369"]
[BlackElo "2260"]
[TimeControl "180+1"]
[EndTime "9:55:01 PDT"]
[Termination "wild3000 won by resignation"]

1. d4 Nf6 2. g3 g6 3. Bg2 Bg7 4. e4 d6 5. c4 c6 6. Nc3 O-O 7.
Nf3 Qb6 8. O-O Qa6 9. b3 b5 10. e5 dxe5 11. dxe5 Ng4 12. cxb5 Qa5 13. Bd2 Nxe5 14.
Nd4 Rd8 15. Nd5 Qa3 16. Bb4 Qb2 17. Nxc6 Nbxc6 18. Nxe7+ Kh8 19. Qc1 Qxc1 20. Raxc1 Nxe7 21. Bxe7 Re8 22. Bxa8 Bh3 23. Bg2 Bxg2 24. Kxg2 Rxe7 25. Rc8+ Bf8 26. Rxf8+ Kg7 27. Rd8 Rb7 28. a4 Nd7 29. Rc1 Nf6 30. Rc4 h5 31. h3 Nd7 32. Rdc8 Ne5 33.
R4c7 Rxc7 34. Rxc7 Nd3 35. Rxa7 Nc5 36. b4 Nd3 37. b6 Nxb4 38. a5 Nc6 39. a6 1-0

[Event "Early-Titled-Tuesday-Blitz-April-02-2024"]
[Site "Chess.com"]
[Date "2024.04.02"]
[Round "10"]
[White "fmcabralis"]
[Black "Flaccidmoves"]
[Result "1-0"]
[WhiteElo "2415"]
[BlackElo "2416"]
[TimeControl "180+1"]
[EndTime "9:55:02 PDT"]
[Termination "fmcabralis won by resignation"]

1. e4 e6 2. d4 d5 3. Nc3 Bb4 4. e5 Ne7 5. Qg4 Nf5 6. a3 Bxc3+ 7. bxc3 h5 8. Qh3 Qh4 9. Qd3 b6 10. Nf3 Qe7 11. Bg5 f6 12. Bf4 Ba6 13. Qd2 Bxf1 14.
Kxf1 c5 15. c4 cxd4 16. cxd5 exd5 17. exf6 Qxf6 18. Re1+ Kf7 19. Be5 Qg6 20. Bxb8 Qh6 21. Bf4 Qf6 22. Be5 Qc6 23. Qf4 Qc8 24. Nxd4 Kg6 25.
h4 Rf8 26. Qg5+ Kh7 27. Nxf5 1-0

[Event "Early-Titled-Tuesday-Blitz-April-02-2024"]
[Site "Chess.com"]
[Date "2024.04.02"]
[Round "10"]
[White "Slovineanu"]
[Black "NigiriSushies"]
[Result "1-0"]
[WhiteElo "2462"]
[BlackElo "2291"]
[TimeControl "180+1"]
[EndTime "9:55:03 PDT"]
[Termination "Slovineanu won by checkmate"]

1. d4 d5 2. Nf3 Nf6 3. c4 c6 4. e3 Bf5 5. Nc3 e6 6. Nh4 Be4 7. f3 Bg6 8. Qb3 Qc7 9. Bd2 Nbd7 10. O-O-O a6 11. Nxg6 hxg6 12. cxd5 exd5 13. e4 dxe4 14. fxe4 b5 15. Kb1 Rxh2 16. Rxh2 Qxh2 17. e5 Ng8 18. e6 fxe6 19. Qxe6+ Ne7 20. Bg5 Qh5 21. Bxe7 Bxe7 22.
Bd3 Kd8 23. Bxg6 Qh6 24. d5 c5 25. d6 Bf6 26. Qe8# 1-0

[Event "Early-Titled-Tuesday-Blitz-April-02-2024"]
[Site "Chess.com"]
[Date "2024.04.02"]
[Round "10"]
[White "MasterKroket"]
[Black "Elegance_Riks"]
[Result "1-0"]
[WhiteElo "2587"]
[BlackElo "2756"]
[TimeControl "180+1"]
[EndTime "9:55:04 PDT"]
[Termination "MasterKroket won by resignation"]

1. e4 Nf6 2. e5 Nd5 3. d4 d6 4. c4 Nb6 5. f4 g6 6. Be3 Bg7 7. Nc3 Be6 8. b3 dxe5 9. fxe5 c5 10. Nf3 O-O 11. d5 Bg4 12. Bxc5 N8d7 13. Bd4 Nxe5 14.
Be2 Bxf3 15. Bxf3 Nxf3+ 16. gxf3 e5 17. Bf2 Nd7 18. O-O Qg5+ 19. Kh1 Qh5 20. Bg3 f5 21. Rc1 Rae8 22. Nb5 f4 23. Bf2 e4 24. fxe4 f3 25. Bg3 Rxe4 26. d6 Re2 27. Qd5+ Qxd5 28. cxd5 a6 29. Nc7 Be5 30. Ne6 Bxg3 31. hxg3 Re8 32. Rxf3 Rd2 33. Rc7 Ne5 34. d7 Rd1+ 35. Kg2 Rd2+ 36.
Rf2 Rxf2+ 37. Kxf2 Ra8 38. Rc8+ 1-0

[Event "Early-Titled-Tuesday-Blitz-April-02-2024"]
[Site "Chess.com"]
[Date "2024.04.02"]
[Round "10"]
[White "robertoalejandro10"]
[Black "Yushko_Olga"]
[Result "1-0"]
[WhiteElo "2482"]
[BlackElo "2261"]
[TimeControl "180+1"]
[EndTime "9:55:04 PDT"]
[Termination "robertoalejandro10 won by resignation"]

1. d4 e6 2. c4 Nf6 3. Nc3 d5 4. cxd5 exd5 5. Bg5 Nbd7 6. e3 Be7 7. Bd3 O-O 8. Qc2 h6 9. Bh4 c5 10. dxc5 Nxc5 11.
Nge2 Nxd3+ 12. Qxd3 Be6 13. O-O Qb6 14. b3 Rfd8 15. Nd4 Rac8 16. Na4 Qb4 17. Rac1 a6 18. h3 b5 19. Nb6 Rxc1 20. Rxc1 Qd6 21.
Nc6 Re8 22. b4 Kh8 23. Bg3 g6 24. Bxd6 Bxd6 25. Nd4 Bxb4 26. Nxe6 fxe6 27. Qd4 e5 28. Qxb4 1-0

[Event "Early-Titled-Tuesday-Blitz-April-02-2024"]
[Site "Chess.com"]
[Date "2024.04.02"]
[Round "10"]
[White "Orphanator2009"]
[Black "Matols"]
[Result "1-0"]
[WhiteElo "2521"]
[BlackElo "2362"]
[TimeControl "180+1"]
[EndTime "9:55:04 PDT"]
[Termination "Orphanator2009 won by resignation"]

1. a3 d5 2. Nf3 Nf6 3. e3 g6 4. b4 Bg7 5. Bb2 O-O 6. c4 c6 7. Be2 a5 8. O-O axb4 9. axb4 Rxa1 10. Bxa1 Bf5 11. Nc3 dxc4 12. Bxc4 Bd3 13. Bxd3 Qxd3 14. Ne5 Qd6 15. d4 Nbd7 16. Nxd7 Qxd7 17. Qb3 Ra8 18.
Bb2 Nd5 19. Ra1 Rxa1+ 20. Bxa1 Nxc3 21. Bxc3 Qd5 22. Qxd5 cxd5 23. b5 e6 24. Kf1 Kf8 25. Ke2 Ke7 26. Kd3 Kd7 27. f3 Bf8 28. Kc2 Kc7 29.
Ba5+ Kd7 30. Kb3 Bd6 31. h3 h5 32. g4 Bg3 33. Bd2 Bd6 34. Bb4 Bg3 35. Bd2 Bd6 36.
Bb4 Bg3 37. Kc2 Bf2 38. Kd3 Bg3 39. Ke2 Bc7 40. Kd3 Bd6 41. Bxd6 Kxd6 42. g5 e5 43. dxe5+ Kc5 44. f4 Kxb5 45. f5 Kc5 46. e6 Kd6 47.
exf7 Ke7 48. fxg6 b5 49. Kc3 1-0

[Event "Early-Titled-Tuesday-Blitz-April-02-2024"]
[Site "Chess.com"]
[Date "2024.04.02"]
[Round "10"]
[White "azikom"]
[Black "Brahianzevich"]
[Result "1-0"]
[WhiteElo "2644"]
[BlackElo "2538"]
[TimeControl "180+1"]
[EndTime "9:55:05 PDT"]
[Termination "azikom won on time"]

1. d4 d5 2. Bf4 e6 3. e3 Nf6 4.
Nd2 c5 5. c3 Nc6 6. Ngf3 Bd6 7.
Bg3 O-O 8. Ne5 Qc7 9. f4 b6 10. Bd3 Bb7 11. Qf3 Ne7 12. Bh4 Nd7 13. Qh3 g6 14. Nxd7 Qxd7 15. Bf6 Rfe8 16. Nf3 Nf5 17. Ne5 Bxe5 18. fxe5 h5 19. O-O Nh6 20. Rf4 cxd4 21.
exd4 Qa4 22. Qg3 Kh7 23. Rh4 Ba6 24. Bxa6 Qxa6 25. Rxh5 Qe2 26. Rh4 1-0

[Event "Early-Titled-Tuesday-Blitz-April-02-2024"]
[Site "Chess.com"]
[Date "2024.04.02"]
[Round "10"]
[White "WCM-Mexicana"]
[Black "HeroWilczek"]
[Result "0-1"]
[WhiteElo "2390"]
[BlackElo "2554"]
[TimeControl "180+1"]
[EndTime "9:55:09 PDT"]
[Termination "HeroWilczek won by resignation"]

1. d4 d5 2. c4 e5 3. dxe5 d4 4. Nf3 Nc6 5. e3 Bb4+ 6. Bd2 dxe3 7. fxe3 Bg4 8. Nc3 Nge7 9. Be2 O-O 10. O-O Ng6 11.
h3 Be6 12. a3 Be7 13. Qc2 Ncxe5 14. Nxe5 Nxe5 15. b3 Bf6 16. Rad1 c6 17. e4 Qe7 18. Kh1 Rfd8 19. Bc1 h6 20. Na4 Ng6 21. b4 Be5 22. Bh5 Qh4 23. Bxg6 fxg6 24. Rf3 Rxd1+ 25. Qxd1 Rd8 26.
Qf1 Bg4 27. Rd3 Rxd3 28. Qxd3 Qe1+ 0-1

[Event "Early-Titled-Tuesday-Blitz-April-02-2024"]
[Site "Chess.com"]
[Date "2024.04.02"]
[Round "10"]
[White "MIss_MIaMI"]
[Black "Vasily_IM"]
[Result "0-1"]
[WhiteElo "2365"]
[BlackElo "2536"]
[TimeControl "180+1"]
[EndTime "9:55:09 PDT"]
[Termination "Vasily_IM won by checkmate"]

1. e4 e5 2. Nf3 Nf6 3. Nxe5 d6 4. Nf3 Nxe4 5. d3 Nf6 6. Be2 Be7 7. O-O O-O 8. h3 b6 9. Nc3 Bb7 10. Bf4 Nbd7 11.
Re1 Re8 12. Qd2 Bf8 13. Ng5 Ne5 14. Nge4 d5 15. Nxf6+ Qxf6 16. Bg3 Bd6 17. Nb5 Qg6 18. Nxd6 cxd6 19. Kh2 d4 20. Qf4 Rac8 21. Rac1 Nc6 22.
Qxd6 Re6 23. Qd7 Re7 24. Qg4 Rce8 25. Qh4 Rxe2 26. Rxe2 Rxe2 27. b4 Qe6 28. b5 Ne7 29.
Qxd4 Qd5 30. Qf4 Qxg2# 0-1

[Event "Early-Titled-Tuesday-Blitz-April-02-2024"]
[Site "Chess.com"]
[Date "2024.04.02"]
[Round "10"]
[White "Revan_2002"]
[Black "XDPS"]
[Result "0-1"]
[WhiteElo "2742"]
[BlackElo "2925"]
[TimeControl "180+1"]
[EndTime "9:55:11 PDT"]
[Termination "XDPS won by checkmate"]

1. d4 d5 2. c4 e6 3. Nc3 Nf6 4. cxd5 exd5 5. Bg5 c6 6. e3 h6 7. Bh4 Bd6 8. Bd3 O-O 9. Qc2 Re8 10. Nge2 a5 11.
Bg3 Na6 12. a3 Nc7 13. O-O Ne6 14. Rae1 Ng5 15. Bxd6 Qxd6 16. Ng3 h5 17. f4 Ne6 18. Nf5 Qf8 19. Rf3 Bd7 20. Rg3 Kh8 21. Qf2 c5 22. dxc5 Nxc5 23. Bc2 Bxf5 24. Bxf5 Rad8 25. Rg5 g6 26. Bc2 Ne6 27. Rg3 d4 28. exd4 Nxd4 29. Rxe8 Qxe8 30. Bd3 Ng4 31. Qd2 Nb3 32. Qe2 Qc6 33. Nd1 Qc5+ 34. Kh1 Qc1 35. Kg1 Qxf4 36. Rf3 Qxh2+ 37. Kf1 Qh1# 0-1

[Event "Early-Titled-Tuesday-Blitz-April-02-2024"]
[Site "Chess.com"]
[Date "2024.04.02"]
[Round "10"]
[White "KacperKacprzak"]
[Black "karinachess1"]
[Result "1-0"]
[WhiteElo "2721"]
[BlackElo "2610"]
[TimeControl "180+1"]
[EndTime "9:55:11 PDT"]
[Termination "KacperKacprzak won by checkmate"]

1. e4 e5 2. Nf3 Nc6 3. Nc3 Nf6 4. h3 d5 5. exd5 Nxd5 6. Bb5 Nxc3 7. bxc3 Bd6 8. O-O O-O 9. Re1 Qf6 10. d4 exd4 11. cxd4 a6 12. Bf1 Bd7 13. Be3 h6 14. c4 Bb4 15. Bd2 Bxd2 16. Qxd2 Bxh3 17. Rab1 Nd8 18.
Ne5 Bf5 19. Bd3 Re8 20. Rb3 b6 21. Bxf5 Qxf5 22. Rf3 Qe6 23. Nd3 Qd7 24. Rxe8+ Qxe8 25. Rg3 Kh8 26. d5 Nb7 27. Qc3 f6 28. Nf4 Nc5 29. Qc2 Qe4 30. Qd2 Re8 31. Kh2 Kh7 32. f3 Qe3 33.
Qc2+ Kg8 34. Nh5 Qe5 35. Qg6 Nd7 36. Qxg7# 1-0

[Event "Early-Titled-Tuesday-Blitz-April-02-2024"]
[Site "Chess.com"]
[Date "2024.04.02"]
[Round "10"]
[White "Aureliano-Buendia"]
[Black "Alexchess1984"]
[Result "1-0"]
[WhiteElo "2481"]
[BlackElo "2707"]
[TimeControl "180+1"]
[EndTime "9:55:11 PDT"]
[Termination "Aureliano-Buendia won by resignation"]

1. d4 Nf6 2. Nf3 g6 3. Bf4 Bg7 4. c4 O-O 5. e3 d6 6. h3 Nbd7 7. Nc3 b6 8. Be2 Bb7 9. O-O Qe8 10. Bh2 e5 11. Qc2 Qe7 12. Rfd1 Nh5 13. dxe5 Nxe5 14. Nxe5 Bxe5 15. Nd5 Bxh2+ 16. Kxh2 Bxd5 17.
Rxd5 Nf6 18. Rd4 a5 19. Bf3 Rad8 20. g3 Nd7 21. Bg2 Ne5 22. Rad1 h5 23. b3 Nd7 24. Kg1 Nc5 25. Bd5 Kg7 26. Qc3 Qf6 27. Qd2 Rfe8 28. Rf4 Qe5 29. Rxf7+ Kh6 30. e4+ Qg5 31. Rh7+ Kxh7 32. Qxg5 Kg7 33. Qc1 Ne6 34. Bxe6 Rxe6 35. f3 Rf8 36. Kg2 Ref6 37. Rd3 Kh7 38. f4 Re8 39. Re3 Rfe6 40. Qc2 Kg7 41. Qc3+ Kh7 42. Qd4 Kg8 43. e5 Kh7 44. Qd5 Kg7 45. Qc6 dxe5 46. Qxc7+ R8e7 47. Qd8 exf4 48. Qxe7+ Rxe7 49. Rxe7+ Kf6 50. Rb7 1-0